cohdb
Replays
Latest Replays
All Replays
Popular Replays
Top Player Replays
Match Explorer
How It Works
Community
CoH3 Stats
Reddit
Sign in to upload your games and track your stats! →
Sign in with Steam
Match 40076709
Unlisted
Match 40076709
Overview
Messages
Build Orders
End
Construct Section Command Post
Selects Canadian Shock Battlegroup
Infantry Section
ML 3-inch Mortar Team
Dingo Light Scout Car
Grenade Package
Selects Offensive Resupply
Selects Canadian Shock Section
Canadian Shock Section
Construct Platoon Command Post
Selects Incendiary Munitions
6-pounder Anti-tank Gun Team
CMP 15cwt Truck
Infantry Section
Selects Pyrotechnics
Particycles
Enoche
TIRINGA
UseLessHam
Dadical
jeonsubin38
0
0
Comments
sign in to comment!
No comments posted yet!